 Dungeon Crawl Stone Soup version 0.23-a0-619-g281719c (webtiles) character file.

661783 Gorice the Impregnable (level 27, -16/180 HPs)
             Began as a Gargoyle Wanderer on Dec 16, 2018.
             Was the Champion of Makhleb.
             Killed from afar by a hellion (20 damage)
             ... with damnation
             ... in Pandemonium on Dec 22, 2018.
             The game lasted 08:04:29 (78236 turns).

Gorice the Impregnable (Gargoyle Wanderer)         Turns: 78236, Time: 08:04:30

Health: -16/180    AC: 56    Str: 28      XL:     27
Magic:  0/52       EV: 19    Int: 17 (18) God:    Makhleb [******]
Gold:   4407       SH:  0    Dex: 13      Spells: 14/48 levels left

rFire    + . .     SeeInvis .   a - +9 great mace (crush)
rCold    . . .     Gourm    .   (shield currently unavailable)
rNeg     + + .     Faith    .   J - +4 moon troll leather armour {Spirit, Regen++ MP+5}
rPois    ∞         Spirit   +   l - +5 helmet of the Gloaming {rF+ Slay+3}
rElec    +         Reflect  .   y - +2 cloak {MR+}
rCorr    .         Harm     .   S - +2 pair of gloves {Dex+3}
MR       +++..                  X - +1 pair of boots
Stlth    +.........             H - amulet of the acrobat
HPRegen  1.20/turn              p - +6 ring of protection
MPRegen  0.33/turn              s - ring "Ymiasib" {rElec rN+ MP+9 Slay+5}

@: mighty
A: big wings, deterioration 1, negative energy resistance 1, electricity
resistance, unbreathing, petrification resistance, rot immunity, AC +20
}: 4/15 runes: barnacled, slimy, silver, gossamer
a: Fly, Minor Destruction, Lesser Servant of Makhleb, Major Destruction, Greater
Servant of Makhleb, Renounce Religion


You were in Pandemonium.
You worshipped Makhleb.
Makhleb was exalted by your worship.
You were hungry.

You visited 11 branches of the dungeon, and saw 53 of its levels.
You visited Pandemonium 1 time, and saw 1 of its levels.
You visited the Abyss 3 times.
You also visited: Trove, Sewer, Bailey, Gauntlet and Ice Cave.

You collected 8734 gold pieces.
You spent 4327 gold pieces at shops.

Inventory:

Hand Weapons
 a - a +9 great mace of crushing (weapon)
   (You took it off a death knight on level 1 of the Vaults)
Missiles
 j - 15 javelins of returning (quivered)
 Z - 9 throwing nets {!f}
Armour
 l - the +5 helmet of the Gloaming (worn) {rF+ Slay+3}
   (You bought it in a shop on level 2 of the Vaults)

   It affects your accuracy and damage with ranged weapons and melee attacks
   (+3).
   It protects you from fire.
 y - a +2 cloak of magic resistance (worn)
   (You found it in a Gauntlet)
 J - the +4 moon troll leather armour (worn) {Spirit, Regen++ MP+5}
   (You found it on level 4 of the Spider Nest)

   It affects your magic capacity (+5).
   It increases your rate of regeneration.
 S - a +2 pair of gloves of dexterity (worn)
   (You found it on level 1 of the Depths)
 X - a +1 pair of boots (worn)
Jewellery
 c - the ring "Ficaxew" {rC++ rN+ MR+ Int+3 Dex-3}
   (You found it in a treasure trove)

   [ring of positive energy]

   It affects your intelligence (+3).
   It affects your dexterity (-3).
   It greatly protects you from cold.
   It protects you from negative energy.
   It affects your resistance to hostile enchantments.
 f - the ring of Omoth {rF+ rN++ MP+9}
   (You found it on level 5 of the Pits of Slime)

   [ring of magical power]

   It protects you from fire.
   It greatly protects you from negative energy.
   It affects your magic capacity (+9).
 i - an uncursed ring of see invisible
 m - the ring "Huwk" {rN+ MR+ Str+3 Dex+4}
   (You found it in a treasure trove)

   [ring of positive energy]

   It affects your strength (+3).
   It affects your dexterity (+4).
   It protects you from negative energy.
   It affects your resistance to hostile enchantments.
 p - a +6 ring of protection (left hand)
 s - the ring "Ymiasib" (right hand) {rElec rN+ MP+9 Slay+5}
   (You found it on level 3 of the Crypt)

   [ring of positive energy]

   It affects your accuracy and damage with ranged weapons and melee attacks
   (+5).
   It insulates you from electricity.
   It protects you from negative energy.
   It affects your magic capacity (+9).
 C - an uncursed ring of resist corrosion
 H - an amulet of the acrobat (around neck)
Wands
 q - a wand of paralysis (26)
 u - a wand of acid (10)
 v - a wand of clouds (4)
 F - a wand of iceblast (49)
 O - a wand of digging (7)
Scrolls
 e - 9 scrolls of blinking
 g - 7 scrolls of fear {!r}
 h - 23 scrolls of remove curse
 t - 5 scrolls of fog
 w - 4 scrolls of identify
 x - 24 scrolls of teleportation {!r}
 P - 2 scrolls of summoning {!r}
 R - 10 scrolls of magic mapping {!r}
Potions
 b - 10 potions of heal wounds {!q}
 d - 3 potions of haste {!q}
 n - 11 potions of might {!q}
 o - 4 potions of cancellation {!q}
 A - 7 potions of mutation {!q}
 B - 6 potions of invisibility {!q}
 E - 9 potions of agility {!q}
 M - 11 potions of curing
 N - 7 potions of brilliance {!q}
 Q - 5 potions of magic {!q}
 T - 4 potions of resistance {!q}
Miscellaneous
 k - 4 phantom mirrors
 z - 2 boxes of beasts
Comestibles
 r - 85 rations


   Skills:
 + Level 20.7 Fighting
 - Level 20.0 Maces & Flails
 - Level 10.0 Throwing
 - Level 22.0 Armour
 - Level 12.0 Dodging
 - Level 1.1 Stealth
 + Level 11.3 Spellcasting
 - Level 1.7 Hexes
 + Level 14.4 Summonings
 - Level 8.0 Necromancy
 - Level 12.8 Translocations
   Level 1.0 Fire Magic
 - Level 15.0 Earth Magic
   Level 1.0 Poison Magic
 - Level 16.0 Invocations
 - Level 12.0 Evocations


You had 14 spell levels left.
You knew the following spells:

 Your Spells              Type           Power        Failure   Level  Hunger
d - Lee's Rapid Deconstr  Erth           ######....   1%          5    #####..
l - Summon Lightning Spi  Summ/Air       ####....     3%          4    ##.....
p - Portal Projectile     Hex/Tloc       ####..       1%          3    None
s - Animate Skeleton      Necr           N/A          1%          1    None
v - Borgnjor's Vile Clut  Necr/Erth      #####.....   1%          5    #####..
A - Apportation           Tloc           ######       1%          1    None
B - Summon Butterflies    Summ           ######..     1%          1    None
C - Shadow Creatures      Summ           N/A          3%          6    ######.
G - Passage of Golubria   Tloc           N/A          1%          4    ##.....
J - Blink                 Tloc           N/A          1%          2    None
S - Swiftness             Chrm/Air       #.......     12%         2    None

Your spell library contained the following spells:

 Spells                   Type           Power        Failure   Level  Hunger
 Summon Small Mammal      Summ           ####         1%          1    None
 Call Imp                 Summ           ######..     1%          2    None
 Corpse Rot               Necr           N/A          1%          2    None
 Passwall                 Tmut/Erth      #####...     1%          2    None
 Shroud of Golubria       Chrm/Tloc      ####......   1%          2    None
 Gell's Gravitas          Tloc           ######....   1%          3    None
 Lesser Beckoning         Tloc           ######....   1%          3    None
 Recall                   Summ/Tloc      N/A          1%          3    None
 Stone Arrow              Conj/Erth      #####.       1%          3    None
 Summon Guardian Golem    Hex/Summ       #####...     1%          3    None
 Summon Forest            Summ/Tloc      ######....   1%          5    #####..
 Animate Dead             Necr           N/A          2%          4    ##.....
 Leda's Liquefaction      Hex/Erth       #####.....   2%          4    ##.....
 Confusing Touch          Hex            ###...       3%          1    None
 Corona                   Hex            ###....      3%          1    None
 Petrify                  Tmut/Erth      #####...     3%          4    ##.....
 Summon Ice Beast         Ice/Summ       ####....     3%          4    ##.....
 Slow                     Hex            ###.....     5%          2    None
 Force Lance              Conj/Tloc      ####....     5%          4    ##.....
 Flame Tongue             Conj/Fire      ##...        6%          1    None
 Sting                    Conj/Pois      ##..         6%          1    None
 Beastly Appendage        Tmut           #.....       8%          1    None
 Freeze                   Ice            #...         8%          1    None
 Magic Dart               Conj           #...         8%          1    None
 Shock                    Conj/Air       #...         8%          1    None
 Ensorcelled Hibernation  Hex/Ice        ##....       9%          2    None
 Poisonous Vapours        Pois/Air       ##....       10%         2    None
 Throw Flame              Conj/Fire      ##....       10%         2    None
 Confuse                  Hex            ###.....     11%         3    None
 Tukima's Dance           Hex            ###.....     11%         3    None
 Searing Ray              Conj           #.....       12%         2    None
 Song of Slaying          Chrm           #.......     12%         2    None
 Sticks to Snakes         Tmut           #.......     12%         2    None
 Throw Frost              Conj/Ice       #.....       12%         2    None
 Inner Flame              Hex/Fire       ##......     13%         3    None
 Dazzling Spray           Conj/Hex       ##....       16%         3    None
 Ignite Poison            Fire/Tmut/Pois ##......     17%         3    None
 Summon Hydra             Summ           ######....   17%         7    #######
 Conjure Flame            Conj/Fire      ##......     19%         3    None
 Spider Form              Tmut/Pois      ##........   19%         3    None
 Mephitic Cloud           Conj/Pois/Air  ##......     21%         3    None
 Ozocubu's Armour         Chrm/Ice       #.......     22%         3    None
 Static Discharge         Conj/Air       #.......     22%         3    None
 Bolt of Magma            Conj/Fire/Erth ####......   24%         5    #####..
 Malign Gateway           Summ/Tloc      ######....   24%         7    #######
 Cause Fear               Hex            ###.......   36%         4    ##.....
 Death Channel            Necr           #####.....   41%         6    ######.
 Olgreb's Toxic Radiance  Pois           ##......     45%         4    ##.....
 Fulminant Prism          Conj/Hex       ##........   47%         4    ##.....
 Iron Shot                Conj/Erth      #####.....   47%         6    ######.
 Sticky Flame             Conj/Fire      ##......     52%         4    ##.....
 Airstrike                Air            #.........   58%         4    ##.....
 Ice Form                 Ice/Tmut       #.......     58%         4    ##.....
 Iskenderun's Mystic Bla  Conj           #.......     58%         4    ##.....
 Throw Icicle             Conj/Ice       #.......     58%         4    ##.....
 Metabolic Englaciation   Hex/Ice        ##........   83%         5    #####..
 Silence                  Hex/Air        ##........   83%         5    #####..
 Yara's Violent Unravell  Hex/Tmut       ##........   83%         5    #####..
 Alistair's Intoxication  Tmut/Pois      ##......     86%         5    #####..
 Fireball                 Conj/Fire      ##........   86%         5    #####..
 Venom Bolt               Conj/Pois      ##........   86%         5    #####..
 Blade Hands              Tmut           #.........   91%         5    #####..
 Irradiate                Conj/Tmut      #.........   91%         5    #####..
 Lightning Bolt           Conj/Air       #.........   91%         5    #####..
 Simulacrum               Ice/Necr       ###.......   92%         6    ######.
 Darkness                 Hex            ###.......   99%         6    ######.
 Invisibility             Hex            ###.....     99%         6    ######.
 Bolt of Cold             Conj/Ice       #.........   100%        6    ######.
 Conjure Ball Lightning   Conj/Air       #.........   100%        6    ######.
 Deflect Missiles         Chrm/Air       #.........   100%        6    ######.
 Freezing Cloud           Conj/Ice/Air   #.........   100%        6    ######.
 Hydra Form               Tmut           #.........   100%        6    ######.
 Ozocubu's Refrigeration  Ice            #.........   100%        6    ######.
 Dragon Form              Tmut           #.........   100%        7    #######
 Ring of Flames           Chrm/Fire      ##........   100%        7    #######
 Ignition                 Fire           ##........   100%        8    #######
 Shatter                  Erth           ######....   100%        9    #######
 Tornado                  Air            #.........   100%        9    #######
 Sublimation of Blood     Necr           Unusable     N/A         2    N/A
 Statue Form              Tmut/Erth      Unusable     N/A         6    N/A

Dungeon Overview and Level Annotations

Branches:
Dungeon (15/15)            Temple (1/1) D:5            Lair (6/6) D:9
 Shoals (4/4) Lair:2       Spider (4/4) Lair:2        Slime (5/5) Lair:5
    Orc (2/2) D:10            Elf (3/3) Orc:2        Vaults (5/5) D:13
  Crypt (3/3) Vaults:2       Tomb (0/3) Crypt:3      Depths (5/5) D:15
    Zot (0/5) Depths:5

Altars:
Ashenzari
Cheibriados
Dithmenos
Elyvilon
Fedhas
Gozag
Hepliaklqana
Kikubaaqudgha
Makhleb
Nemelex Xobeh
Okawaru
Qazlal
Ru
Sif Muna
Trog
Uskayaw
Vehumet
Wu Jian
Xom
Yredelemnul
Zin
The Shining One
Beogh
Jiyva
Lugonu

Shops:
D:15 =   Orc:2 %%[?(   Elf:2 }   Elf:3 }(   Shoals:2 *   Vaults:1 !
Vaults:2 [   Vaults:3 =!(?   Vaults:4 =   Depths:3 }}=

Portals:
Hell: Depths:1 Depths:2 Depths:3 Depths:4 Depths:5
Abyss: Depths:1 Depths:3 Depths:4 Depths:5
Pandemonium: Depths:3
Ziggurat: Depths:4

Annotations:
Lair:6 pUX: shafted here
Spider:3 Xulaef's ghost, journeyman CeWn
Slime:5 Royal Jelly


Innate Abilities, Weirdness & Mutations

You are resistant to torment.
Your stone body is resilient. (AC +20)
You are immune to poison.
Your large and strong wings let you fly indefinitely.
You resist negative energy. (rN+)
You are resistant to electric shocks. (rElec)
You can survive without breathing.
You are immune to petrification.
You are immune to rotting.
Your body sometimes deteriorates upon taking damage.


Message History

Damage: 22 (max 27) Unknown command.
Unknown command.
Okay, then.
Really quaff
b - 11 potions of heal wounds {!q}?
You feel much better. Yngit misses you. Yngit hits you but does no damage.
Really quaff
n - 12 potions of might {!q}?
You feel very mighty all of a sudden. Yngit misses you.
Unknown command.
You sock Yngit!
Yngit is almost dead.
Yngit sneers, "Disclaim thyself, thou tasty victuals!"
Yngit hits you.
* * * LOW HITPOINT WARNING * * *
You feel your power leaking away. Yngit hits you but does no damage.
Damage: 5 (max 27)
You bludgeon Yngit!!
You kill Yngit!
Makhleb accepts your kill.
You feel better.
You feel your strength returning.
You hear a hideous shriek!
Deactivating autopickup; reactivate with Ctrl-A.
You sock something!
A hellion comes into view.
The hellion gestures at you.
The sphere of damnation explodes!
The damnation engulfs you!
* * * LOW HITPOINT WARNING * * *
The damnation engulfs something.
Something hits you.
* * * LOW HITPOINT WARNING * * *
You crush something like a grape!!! Makhleb accepts your kill.
You feel better.
Reactivating autopickup.
You feel a bit more experienced. The hellion gestures at you.
The sphere of damnation explodes!
The damnation engulfs you!
* * * LOW HITPOINT WARNING * * *
Damage: 34 (max 34)
You sock the hellion!
The hellion is heavily wounded.
The hellion gestures at you.
The sphere of damnation explodes!
The damnation engulfs you!
* * * LOW HITPOINT WARNING * * *
The damnation engulfs the hellion.
The hellion completely resists.
The hellion gestures at you.
The sphere of damnation explodes!
The damnation engulfs you!
You die...

.3 #.# #.# ...
#2# #.#
####2####
#.@24..(#
####.#### #.#
#.# ##.######
#.......#
##.........
###..........
###............


You could see an ice devil and 2 hellions.

Vanquished Creatures
  Dissolution (Lair:5)
  A pandemonium lord (Pan)
  3 ancient liches (Vaults:5)
  A juggernaut (Depths:4)
  Frederick (Depths:3)
  Saint Roka (Elf:2)
  4 golden dragons
  2 Tzitzimimeh (Depths:3)
  A lich (Depths:1)
  Rupert (D:12)
  The ghost of Onteab the Crack Shot, an adept CeHu of Okawaru (Elf:2)
  6 tentacled monstrosities
  A quicksilver dragon (shapeshifter) (Depths:1)
  4 titans
  A quicksilver dragon (Vaults:5)
  3 deep elf master archers
  2 tentacled starspawn (Abyss:3)
  21 acid blobs
  2 ancient champions
  5 sphinxes
  2 krakens
  Kirke (Lair:5)
  8 shadow dragons
  6 tengu reavers
  Agnes (Elf:1)
  Donald (Orc:1)
  5 storm dragons
  3 revenants (Crypt:3)
  22 azure jellies
  7 deep elf sorcerers
  8 fire giants
  A draconian knight (Depths:5)
  8 ghost moths
  22 frost giants
  14 vault wardens
  The ghost of galech the Severer, a journeyman DsFi of Okawaru (Elf:1)
  4 curse skulls
  3 iron dragons
  Louise (D:14)
  24 ironheart preservers
  A ghoul (Crypt:1)
  5 deep elf elementalists
  2 spriggan defenders
  4 emperor scorpions
  3 reapers
  33 very ugly things
  3 entropy weavers
  A draconian stormcaller (Depths:5)
  A war gargoyle (Vaults:5)
  25 stone giants
  10 deep elf demonologists
  13 vampire knights
  2 green draconians
  Azrael (D:14)
  A lorocyproca (Pan)
  The ghost of Ycuamn the Carver, a journeyman GnCK of Xom (Orc:1)
  10 deep elf annihilators
  7 spark wasps
  2 black draconians (Depths:5)
  A minotaur (Gauntlet)
  2 white draconians (Depths:5)
  3 deep elf death magi
  A red draconian (Depths:5)
  7 eidola
  The ghost of Fuix Ziu the Slicer, a journeyman DsMo of Nemelex Xobeh (Orc:1)
  5 jiangshi
  5 death oozes (Slime:5)
  6 spectral quicksilver dragons (Crypt:3)
  13 ettins
  5 merfolk javelineers
  13 merfolk impalers
  18 fire dragons
  9 deep elf high priests
  6 rakshasas
  2 monstrous demonspawn
  9 great orbs of eyes
  32 vault guards
  A hell beast (Depths:1)
  5 hydras
  Harold (D:10)
  14 yaktaur captains
  8 spriggan air magi
  2 merfolk avatars (Shoals:4)
  14 ice dragons
  3 catoblepae (Lair:6)
  12 centaur warriors
  4 alligator snapping turtles
  3 spectral stone giants (Crypt:3)
  53 two-headed ogres
  14 death yaks
  3 merfolk aquamancers
  3 satyrs
  A spectral frost giant (Crypt:3)
  6 deep troll shamans
  17 ogre magi
  8 tengu warriors
  30 dancing weapons
  5 death knights
  A spectral fire giant (Crypt:3)
  11 deep troll earth magi
  6 vampire magi
  3 thrashing horrors
  2 spectral storm dragons (Crypt:3)
  13 orc high priests
  24 deep elf knights
  3 spriggan berserkers
  A soul eater (Crypt:3)
  2 sun demons
  4 hell knights
  3 iron trolls
  A wretched star (Abyss:3)
  A spectral minotaur (Crypt:3)
  A spectral emperor scorpion (Crypt:3)
  Nergalle (Lair:2)
  A spectral ghost moth (Crypt:3)
  9 shadow wraiths
  12 unseen horrors
  2 salamander mystics (Depths:4)
  9 flayed ghosts
  25 skeletal warriors
  5 large abominations
  3 glowing orange brains
  14 sea snakes
  35 deep trolls
  2 spectral anacondas (Crypt:3)
  A spatial maelstrom (Abyss:3)
  A quicksilver dragon simulacrum (Crypt:3)
  A torturous demonspawn (Pan)
  14 deep elf archers
  8 wizards
  A shadow dragon zombie (Depths:1)
  A deep troll (shapeshifter) (Vaults:5)
  4 harpies (Shoals:4)
  9 ironbrand convokers
  4 lindwurms (Lair:4)
  18 phantasmal warriors
  A spectral ice dragon (Crypt:3)
  67 deep elf magi
  10 orc knights
  9 necromancers
  The ghost of Ratty the Thaumaturge, a novice DENe (D:7)
  A spectral fire dragon (Crypt:3)
  12 orb spiders
  28 wolf spiders
  A fire giant zombie (Crypt:2)
  An orc sorcerer (D:15)
  3 shining eyes (Slime:1)
  76 ugly things
  6 cyclopes
  7 fauns
  A shadow dragon skeleton (Depths:1)
  A moth of wrath (Gauntlet)
  A manticore (shapeshifter) (Depths:5)
  2 oklob plants (Shoals:3)
  5 salamanders (Depths:4)
  5 elephants
  A dire elephant zombie (Crypt:3)
  A worldbinder (Abyss:3)
  21 manticores
  2 moths of wrath (shapeshifter)
  3 centaur zombies
  A frost giant skeleton (Crypt:2)
  8 water nymphs
  A stone giant skeleton (Depths:1)
  A black mamba (Lair:2)
  4 eyes of devastation
  A guardian serpent (shapeshifter) (D:13)
  7 vault sentinels
  4 spiny frogs
  3 smoke demons
  A naga mage (D:15)
  An ice statue (IceCv)
  2 orange demons
  2 apocalypse crabs (Abyss:3)
  2 gargoyles
  12 merfolk sirens
  A purple draconian zombie (Crypt:2)
  A minotaur zombie (Gauntlet)
  4 komodo dragons
  A spiny frog (shapeshifter) (Depths:1)
  15 demonic crawlers
  A hellion (Pan)
  A catoblepas zombie (Crypt:1)
  3 kobold demonologists
  An efreet (Abyss:3)
  14 freezing wraiths
  3 rime drakes
  A komodo dragon (shapeshifter) (Depths:4)
  A red devil (Depths:3)
  51 yaktaurs
  2 ice devils
  A purple draconian skeleton (Crypt:3)
  3 ancient zymes
  44 merfolk
  A wolf spider simulacrum (Crypt:3)
  5 tengu conjurers
  7 trolls
  A meliai (shapeshifter) (Depths:1)
  A jumping spider (shapeshifter) (Depths:4)
  7 hornets
  2 iron troll skeletons
  13 polar bears
  7 wind drakes
  32 jumping spiders
  A harpy skeleton (D:13)
  79 slime creatures
  7 raiju (Abyss:3)
  A snapping turtle (shapeshifter) (Depths:4)
  7 blink frogs
  2 meliai zombies
  2 raiju (shapeshifter)
  2 dream sheep
  2 bog bodies (Crypt:1)
  2 blink frogs (shapeshifter)
  A frost giant simulacrum (Vaults:2)
  8 hippogriffs
  A spectral black mamba (Crypt:3)
  A fire dragon zombie (Crypt:3)
  9 snapping turtles
  3 air elementals (Elf:1)
  A tarantella (shapeshifter) (Vaults:2)
  4 spriggans
  6 flying skulls (Abyss:3)
  3 shadows
  19 tarantellas
  2 centaur simulacra
  3 ynoxinuls (Abyss:3)
  A wind drake zombie (Crypt:2)
  11 wraiths
  A shock serpent simulacrum (Crypt:3)
  37 redbacks
  13 water elementals
  A spriggan (shapeshifter) (Elf:3)
  2 vampires
  4 wyverns
  A tyrant leech zombie (Crypt:1)
  51 yaks
  A basilisk (shapeshifter) (Depths:1)
  3 fire elementals
  A human (shapeshifter) (Depths:1)
  4 golden eyes
  2 small abominations (Abyss:3)
  3 basilisks
  A catoblepas simulacrum (Crypt:3)
  2 chaos spawn
  6 vampire mosquitoes
  2 hungry ghosts
  A spatial vortex (Abyss:3)
  A deep troll zombie (Crypt:3)
  A spectral spiny frog (Crypt:3)
  12 wargs
  4 hell hounds
  A spectral snapping turtle (Crypt:3)
  A soldier ant (D:11)
  3 acid dragons
  A floating eye (Lair:5)
  9 porcupines
  13 water moccasins
  A hornet zombie (D:6)
  6 ice beasts
  Purgy (Sewer)
  2 eyes of draining (shapeshifter)
  3 sky beasts
  A necrophage (Crypt:1)
  A dream sheep zombie (Crypt:2)
  45 ogres
  43 orc warriors
  A black bear (shapeshifter) (Vaults:5)
  3 black bears
  An ettin simulacrum (Vaults:3)
  11 eyes of draining
  18 centaurs
  10 boggarts
  42 wolves
  A crocodile (shapeshifter) (Depths:1)
  A blink frog skeleton (Crypt:2)
  12 crocodiles
  22 bullfrogs
  A draconian zombie (Crypt:1)
  4 elf zombies
  A bullfrog (shapeshifter) (Vaults:1)
  7 earth elementals
  A wyvern zombie (D:13)
  2 wyvern skeletons
  A queen bee zombie (Crypt:1)
  5 scorpions
  A snapping turtle simulacrum (Crypt:3)
  4 killer bees (D:10)
  13 wights
  2 howler monkeys
  11 crimson imps
  2 bullfrog zombies
  A wolf skeleton (Crypt:2)
  5 jellies
  2 hounds (D:7)
  50 orc priests
  A black bear skeleton (Crypt:1)
  2 bullfrog skeletons
  5 centaur skeletons
  2 iron imps
  7 iguanas
  Natasha (thrice) (D:3)
  A demonspawn skeleton (Crypt:1)
  29 orc wizards
  13 worker ants
  A big kobold skeleton (Crypt:1)
  A hound zombie (D:7)
  A howler monkey zombie (Crypt:1)
  A worker ant zombie (D:7)
  14 gnolls
  A scorpion zombie (Crypt:1)
  12 adders
  A river rat (D:6)
  7 shadow imps
  5 white imps
  2 ufetubi (Depths:3)
  2 oozes
  3 adder zombies
  3 adder skeletons
  2 worms (D:2)
  A dart slug (D:3)
  8 leopard geckos
  128 orcs
  10 giant cockroaches
  11 goblins
  10 hobgoblins
  30 jackals
  5 quokkas
  3 ball pythons
  3 bats
  8 frilled lizards
  A jackal skeleton (D:6)
  16 kobolds
  A quokka skeleton (D:5)
  6 rats
  4 plants
  2 starspawn tentacles (Abyss:3)
  6 tentacles
2540 creatures vanquished.

Vanquished Creatures (collateral kills)
  the Royal Jelly (Slime:5)
  2 acid blobs (Slime:5)
  2 azure jellies (Slime:5)
  A reaper (Gauntlet)
  A death ooze (Slime:5)
  An ogre mage (Orc:1)
  A centaur warrior (D:9)
  2 dancing weapons (Elf:2)
  A deep elf knight (Elf:2)
  A sun demon (Pan)
  A deep elf archer (Elf:2)
  An orc knight (Bailey)
  A deep elf mage (Elf:2)
  2 manticores
  An ugly thing (D:9)
  A tarantella (Spider:4)
  A water elemental (Elf:2)
  A vampire mosquito (D:14)
  A floating eye (shapeshifter) (D:9)
  2 orc warriors (Bailey)
  A centaur (D:9)
  A worker ant simulacrum (D:9)
  An adder zombie (D:9)
28 creatures vanquished.

Vanquished Creatures (others)
  A deep troll shaman (Depths:1)
  3 deep elf magi
  2 wolf spiders (Spider:4)
  A merfolk siren (Shoals:4)
  A tarantella (Spider:4)
  A redback (Spider:4)
  A hog (Lair:5)
  A yak (IceCv)
  A boggart (Vaults:1)
  A bullfrog (Lair:5)
  An orc priest (Elf:1)
  An orc wizard (D:8)
  An orc (Elf:1)
  A kobold (D:15)
  6 fungi
  18 plants
  4 starspawn tentacles (Abyss:3)
  25 tentacles
  2 withered plants (Gauntlet)
72 creatures vanquished.

Grand Total: 2640 creatures vanquished

Notes
Turn   | Place    | Note
-------+----------+-------------------------------------------
     0 | D:1      | Gorice the Gargoyle Wanderer began the quest for the Orb.
     0 | D:1      | Gorice set off with the following items: a +0 robe, a +0
                  | club, a ration; and the following spells available to
                  | memorise: Slow, Sting, Magic Dart, Blink, Call Imp, Ignite
                  | Poison, Conjure Flame, Mephitic Cloud
     0 | D:1      | Reached XP level 1. HP: 10/10 MP: 5/5
   123 | D:1      | Reached skill level 1 in Maces & Flails
   127 | D:1      | Reached XP level 2. HP: 11/16 MP: 7/7
   392 | D:1      | Reached skill level 1 in Fighting
   808 | D:1      | Reached skill level 2 in Maces & Flails
   934 | D:2      | Reached XP level 3. HP: 15/20 MP: 8/8
  1124 | D:2      | Found a hide-covered altar of Uskayaw.
  1124 | D:2      | Noticed a +0 hand axe
  1124 | D:2      | Noticed a +0 dagger
  1558 | D:2      | Reached XP level 4. HP: 26/26 MP: 10/10
  1596 | D:2      | Reached skill level 2 in Fighting
  1673 | D:1      | HP: 6/26 [gnoll/+0 halberd (12)]
  1681 | D:1      | Reached skill level 3 in Maces & Flails
  2037 | D:2      | Found a blossoming altar of Fedhas.
  2229 | D:1      | Reached XP level 5. HP: 18/31 MP: 11/11
  2469 | D:2      | Found a deep blue altar of Sif Muna.
  2834 | D:3      | Noticed Natasha
  2849 | D:3      | Reached skill level 3 in Fighting
  2849 | D:3      | Reached skill level 4 in Maces & Flails
  2849 | D:3      | Reached XP level 6. HP: 18/37 MP: 12/12
  3460 | D:3      | Killed Natasha
  3460 | D:3      | Reached skill level 5 in Maces & Flails
  3616 | D:3      | Reached skill level 1 in Armour
  3939 | D:3      | Noticed Natasha
  3952 | D:3      | Killed Natasha
  4410 | D:3      | Noticed Natasha
  4421 | D:3      | Killed Natasha
  4421 | D:3      | Reached skill level 2 in Armour
  4421 | D:3      | Reached XP level 7. HP: 39/41 MP: 13/13
  4490 | D:3      | Found a sparkling altar of Nemelex Xobeh.
  4499 | D:3      | Found a hazy altar of Hepliaklqana.
  4589 | D:4      | Found a shadowy altar of Dithmenos.
  5032 | D:4      | Reached skill level 6 in Maces & Flails
  5149 | D:4      | Found a burning altar of Makhleb.
  5154 | D:4      | Became a worshipper of Makhleb the Destroyer
  5260 | D:4      | Reached skill level 3 in Armour
  5654 | D:5      | Entered Level 5 of the Dungeon
  5922 | D:5      | Reached skill level 7 in Maces & Flails
  5922 | D:5      | Reached XP level 8. HP: 40/46 MP: 14/14
  5924 | D:5      | Found a staircase to the Ecumenical Temple.
  5929 | Temple   | Entered the Ecumenical Temple
  5934 | Temple   | Reached skill level 4 in Armour
  6115 | D:5      | Reached * piety under Makhleb
  6115 | D:5      | Reached skill level 8 in Maces & Flails
  6148 | D:5      | Reached skill level 5 in Armour
  6727 | D:6      | Reached skill level 9 in Maces & Flails
  6838 | D:6      | Reached XP level 9. HP: 51/51 MP: 15/15
  7007 | D:6      | Found a glowing drain.
  7025 | Sewer    | Entered a sewer
  7094 | Sewer    | Noticed Purgy
  7101 | Sewer    | Killed Purgy
  7101 | Sewer    | Reached skill level 6 in Armour
  7236 | D:6      | Reached ** piety under Makhleb
  7701 | D:7      | Reached skill level 10 in Maces & Flails
  7729 | D:7      | Reached skill level 7 in Armour
  7995 | D:7      | Found a basalt altar of Yredelemnul.
  8113 | D:7      | Found an iron altar of Okawaru.
  8338 | D:7      | Found a glowing silver altar of Zin.
  8346 | D:7      | Found an opulent altar of Gozag.
  8364 | D:7      | Found a transporter.
  8364 | D:7      | Noticed Ratty's ghost (novice DENe)
  8389 | D:7      | Found a transporter.
  8495 | D:8      | Reached skill level 11 in Maces & Flails
  8581 | D:8      | Reached XP level 10. HP: 55/56 MP: 16/16
  8694 | D:8      | Found a white marble altar of Elyvilon.
  8793 | D:8      | Reached *** piety under Makhleb
  8814 | D:8      | Reached skill level 8 in Armour
  9164 | D:8      | Found a snail-covered altar of Cheibriados.
  9193 | D:8      | Reached skill level 1 in Invocations
  9631 | D:9      | Found a flagged portal.
  9642 | Bailey   | Entered a bailey
  9686 | Bailey   | Reached skill level 2 in Invocations
  9827 | Bailey   | HP: 12/56 [orc warrior/bolt (8)]
 10414 | Bailey   | HP: 14/56 [orc warrior (10)]
 11319 | Bailey   | HP: 15/56 [orc warrior/bolt (14)]
 11605 | Bailey   | Reached skill level 3 in Invocations
 11920 | Bailey   | Noticed an orc knight
 11930 | Bailey   | Killed an orc knight
 11955 | Bailey   | Reached skill level 9 in Armour
 11967 | Bailey   | Reached skill level 4 in Invocations
 12197 | D:9      | Reached **** piety under Makhleb
 12270 | D:9      | Reached skill level 12 in Maces & Flails
 12358 | D:9      | Noticed a manticore
 12359 | D:9      | Noticed a centaur warrior
 12414 | D:9      | HP: 9/56 [manticore (4)]
 12420 | D:9      | Killed a manticore
 12420 | D:9      | Reached skill level 5 in Invocations
 12723 | D:8      | Reached XP level 11. HP: 44/60 MP: 17/17
 12888 | D:9      | Noticed a two-headed ogre
 12904 | D:9      | Killed a two-headed ogre
 12904 | D:9      | Reached skill level 4 in Fighting
 12928 | D:9      | Noticed a shock serpent
 12932 | D:9      | Noticed a green ugly thing
 12935 | D:9      | HP: 17/61 [shock serpent (shapeshifter) (3)]
 12936 | D:9      | a shock serpent changed into a floating eye
 12941 | D:9      | HP: 3/61 [centaur warrior (8)]
 12941 | D:9      | Killed a centaur warrior
 12941 | D:9      | Reached skill level 10 in Armour
 12951 | D:9      | Killed a green ugly thing
 13146 | D:9      | Reached skill level 5 in Fighting
 13279 | D:9      | Found a staircase to the Lair.
 13608 | D:9      | Identified a scroll of acquirement
 13609 | D:9      | Got a transparent eveningstar
 13612 | D:9      | Identified the +2 eveningstar "Ettaydgh" {vamp, +Blink
                  | +Rage Str-2 Dex+5} (You acquired it on level 9 of the
                  | Dungeon)
 13615 | Lair:1   | Entered Level 1 of the Lair of Beasts
 14623 | Lair:2   | Noticed a four-headed hydra
 14630 | Lair:2   | Killed a four-headed hydra
 14630 | Lair:2   | Reached skill level 6 in Fighting
 14664 | Lair:2   | Noticed Nergalle
 14686 | Lair:2   | Killed Nergalle
 14724 | Lair:2   | Reached skill level 13 in Maces & Flails
 14724 | Lair:2   | Reached skill level 11 in Armour
 14741 | Lair:2   | Found a hole to the Spider Nest.
 14741 | Lair:2   | Noticed an orb spider
 14754 | Lair:2   | Killed an orb spider
 14875 | Lair:2   | Found a staircase to the Shoals.
 14896 | Lair:2   | Reached skill level 7 in Fighting
 15231 | Lair:2   | Reached XP level 12. HP: 67/72 MP: 18/18
 15536 | Lair:3   | Reached skill level 8 in Fighting
 15664 | Lair:3   | Noticed a four-headed hydra
 15691 | Lair:2   | Killed a four-headed hydra
 15691 | Lair:2   | Reached skill level 12 in Armour
 15693 | Lair:3   | Noticed a five-headed hydra
 15707 | Lair:2   | Killed a five-headed hydra
 15723 | Lair:2   | HP: 22/75 [blink frog (8)]
 15957 | Lair:2   | Reached skill level 9 in Fighting
 16087 | Lair:3   | Found a shimmering altar of Xom.
 16460 | Lair:3   | Reached skill level 14 in Maces & Flails
 16484 | Lair:3   | Reached ***** piety under Makhleb
 16854 | Lair:4   | Reached XP level 13. HP: 81/81 MP: 19/19
 17279 | Lair:4   | Reached skill level 10 in Fighting
 17313 | Lair:4   | Got an iridescent broad axe
 17360 | Lair:5   | Reached skill level 13 in Armour
 17658 | Lair:5   | Found a staircase to the Slime Pits.
 17658 | Lair:5   | Found a viscous altar of Jiyva.
 17696 | Lair:5   | Identified the Incunabulum of Mutagenic Calling
 17978 | Lair:5   | Noticed Kirke
 17998 | Lair:5   | Killed Kirke
 18197 | Lair:5   | You fall through a shaft!
 18197 | Lair:6   | Entered Level 6 of the Lair of Beasts
 18626 | Lair:6   | Reached skill level 11 in Fighting
 18663 | Lair:6   | Upgraded the game from 0.23-a0-582-g1b4a0ca to
                  | 0.23-a0-584-g44dd78f
 19225 | Lair:6   | Reached skill level 15 in Maces & Flails
 19355 | Lair:6   | Reached skill level 14 in Armour
 19365 | Lair:6   | Gained mutation: Your large and strong wings let you fly
                  | indefinitely. [Gargoyle growth]
 19365 | Lair:6   | Reached XP level 14. HP: 90/90 MP: 20/20
 19713 | Lair:1   | Identified the +10 broad axe "Purekk" {protect, rC+} (You
                  | found it on level 4 of the Lair of Beasts)
 19747 | D:10     | Entered Level 10 of the Dungeon
 19751 | D:10     | Reached skill level 12 in Fighting
 19765 | D:10     | Found a staircase to the Orcish Mines.
 19951 | D:10     | Noticed Harold
 19963 | D:10     | Killed Harold
 20538 | Orc:1    | Entered Level 1 of the Orcish Mines
 20552 | Orc:1    | Reached ****** piety under Makhleb
 20571 | Orc:1    | Noticed a stone giant
 20582 | Orc:1    | HP: 22/92 [stone giant (12)]
 20583 | Orc:1    | Killed a stone giant
 20834 | Orc:1    | Found a runed gate.
 20836 | Orc:1    | Found a runed gate.
 20839 | Orc:1    | Found a runed gate.
 20839 | Orc:1    | Noticed Fuix Ziu's ghost (journeyman DsMo)
 20839 | Orc:1    | Noticed Ycuamn's ghost (journeyman GnCK)
 20879 | Orc:1    | Killed Ycuamn's ghost
 20888 | Orc:1    | Killed Fuix Ziu's ghost
 21020 | Orc:2    | Entered Level 2 of the Orcish Mines
 21087 | Orc:1    | HP: 24/92 [orc knight/+0 great mace (8)]
 21243 | Orc:2    | Noticed Donald
 21281 | Orc:1    | HP: 27/92 [Donald/+0 double sword (5)]
 21283 | Orc:1    | Killed Donald
 21727 | Orc:2    | Found a staircase to the Elven Halls.
 21734 | Orc:2    | Found Ecroithreor's Armour Shoppe.
 21741 | Orc:2    | Found a frozen archway.
 21757 | IceCv    | Entered an ice cave
 21901 | IceCv    | Reached skill level 15 in Armour
 22076 | IceCv    | Reached skill level 16 in Maces & Flails
 22128 | IceCv    | Reached skill level 13 in Fighting
 22224 | IceCv    | Reached skill level 1 in Evocations
 22358 | IceCv    | Noticed a frost giant
 22380 | IceCv    | Killed a frost giant
 22380 | IceCv    | Reached skill level 2 in Evocations
 22380 | IceCv    | Reached XP level 15. HP: 99/99 MP: 21/21
 22424 | IceCv    | Upgraded the game from 0.23-a0-584-g44dd78f to
                  | 0.23-a0-586-gacb4b3f
 22434 | IceCv    | Found the cursed necklace of Bloodlust {*Rage +Rage MR++
                  | Int-3 Slay+6 *Curse}
 22724 | Orc:2    | HP: 25/99 [sun demon[an orc high priest] (16)]
 23086 | Orc:2    | Reached skill level 3 in Evocations
 23434 | Orc:2    | Found Rakk's Magic Scroll Shoppe.
 23434 | Orc:2    | Found Urenaac's Weapon Boutique.
 23541 | Orc:2    | Found a roughly hewn altar of Beogh.
 23590 | Orc:2    | HP: 29/99 [orc/+0 war axe (2)]
 23599 | Orc:2    | HP: 17/99 [orc priest/divine providence (13)]
 23799 | Orc:2    | Found Efum's Food Boutique.
 23799 | Orc:2    | Found Ezekolik's Food Shoppe.
 24009 | Orc:1    | Reached skill level 4 in Evocations
 24147 | Orc:2    | Bought a scroll of blinking for 82 gold pieces
 24147 | Orc:2    | Bought a scroll of blinking for 82 gold pieces
 24147 | Orc:2    | Bought a scroll of magic mapping for 38 gold pieces
 24147 | Orc:2    | Bought a scroll of blinking for 82 gold pieces
 24147 | Orc:2    | Bought a scroll of identify for 22 gold pieces
 24147 | Orc:2    | Bought a scroll of identify for 22 gold pieces
 24318 | Orc:2    | Bought a +3 plate armour of fire resistance for 630 gold
                  | pieces
 24682 | D:11     | Found a gate leading to a gauntlet.
 24692 | Gauntlet | Entered a Gauntlet
 24692 | Gauntlet | Found a transporter.
 24692 | Gauntlet | Found a transporter.
 24715 | Gauntlet | Found a transporter.
 24717 | Gauntlet | Found a transporter.
 24731 | Gauntlet | Found a transporter.
 24735 | Gauntlet | Found a transporter.
 24745 | Gauntlet | Found a transporter.
 24767 | Gauntlet | Found a transporter.
 24785 | Gauntlet | Found a transporter.
 24789 | Gauntlet | Found a transporter.
 24799 | Gauntlet | Found a transporter.
 24803 | Gauntlet | Found a transporter.
 25005 | Gauntlet | Reached skill level 14 in Fighting
 25274 | Gauntlet | Reached skill level 16 in Armour
 25411 | D:11     | Reached skill level 5 in Evocations
 26389 | D:12     | Noticed Rupert
 26416 | D:12     | Killed Rupert
 26657 | D:12     | Reached skill level 6 in Invocations
 26980 | D:13     | Found a portal to a secret trove of treasure.
 27190 | D:13     | Reached skill level 6 in Evocations
 27361 | D:13     | Found a gate to the Vaults.
 27448 | D:13     | Found a hazy altar of Hepliaklqana.
 27711 | D:14     | Reached skill level 7 in Invocations
 27721 | D:14     | Reached XP level 16. HP: 107/107 MP: 18/22
 27753 | D:14     | Noticed Azrael
 27767 | D:14     | Killed Azrael
 28065 | D:14     | Noticed Louise
 28088 | D:14     | Cast into level 3 of the Abyss (Louise)
 28125 | Abyss:3  | Reached skill level 7 in Evocations
 28130 | Abyss:3  | Reached skill level 15 in Fighting
 28184 | Abyss:3  | Noticed a tentacled starspawn
 28187 | Abyss:3  | Reached skill level 8 in Invocations
 28198 | Abyss:3  | Killed a tentacled starspawn
 28201 | Abyss:3  | Found a corrupted altar of Lugonu.
 28233 | Abyss:3  | Got an iridescent arbalest
 28400 | D:14     | Escaped the Abyss
 28419 | D:14     | Killed Louise
 28791 | D:14     | Identified the +11 arbalest of Forgiveness {penet, *Slow
                  | rN++ Dex+5} (You found it on level 3 of the Abyss)
 29029 | D:15     | Entered Level 15 of the Dungeon
 29156 | D:15     | Reached skill level 9 in Invocations
 29234 | D:15     | Reached skill level 8 in Evocations
 29586 | D:15     | Found a staircase to the Depths.
 29920 | D:15     | Found Wadadd's Jewellery Shoppe.
 30404 | D:15     | Bought a +6 ring of protection for 1326 gold pieces
 30542 | Lair:1   | Upgraded the game from 0.23-a0-586-gacb4b3f to
                  | 0.23-a0-607-g760965b
 30816 | Spider:1 | Entered Level 1 of the Spider Nest
 30916 | Lair:2   | Reached skill level 10 in Invocations
 30994 | Lair:2   | Learned a level 1 spell: Apportation
 30996 | Lair:2   | Learned a level 1 spell: Summon Butterflies
 30999 | Lair:2   | Learned a level 2 spell: Blink
 31020 | Lair:2   | Reached skill level 16 in Fighting
 31020 | Lair:2   | Reached XP level 17. HP: 99/115 MP: 9/24
 31053 | Spider:1 | Reached skill level 9 in Evocations
 31682 | Spider:1 | Got a wavering lapis lazuli ring
 31683 | Spider:1 | Identified the ring of the Camelopard {+Inv rElec rPois
                  | AC+4 Dex-5} (You found it on level 1 of the Spider Nest)
 31692 | Spider:1 | You are sucked into a shaft!
 32051 | Spider:1 | Reached skill level 2 in Throwing
 32664 | Spider:3 | Reached skill level 3 in Throwing
 32995 | Spider:3 | Found a transporter.
 33001 | Spider:3 | Noticed Xulaef's ghost (journeyman CeWn)
 33026 | Spider:3 | Found a transporter.
 33117 | Spider:3 | Reached skill level 11 in Invocations
 33670 | D:7      | Killed Ratty's ghost
 33670 | D:7      | Reached skill level 4 in Throwing
 33897 | Spider:4 | Entered Level 4 of the Spider Nest
 34212 | Spider:4 | Reached skill level 10 in Evocations
 34487 | Spider:4 | Reached skill level 5 in Throwing
 34599 | Spider:4 | Found the +4 moon troll leather armour {Spirit, Regen++
                  | MP+5}
 34878 | Spider:4 | HP: 33/115 [spark wasp (3)]
 34907 | Spider:4 | Reached skill level 12 in Invocations
 35033 | Spider:4 | Reached skill level 6 in Throwing
 35337 | Spider:4 | Reached XP level 18. HP: 120/120 MP: 0/27
 35367 | Spider:4 | Got a gossamer rune of Zot
 35554 | Shoals:1 | Entered Level 1 of the Shoals
 35902 | Shoals:1 | Reached skill level 11 in Evocations
 36200 | Shoals:1 | Reached skill level 7 in Throwing
 36928 | Shoals:2 | Found Giostret's Assorted Antiques.
 36944 | Shoals:2 | Bought a shiny ivory ring for 195 gold pieces
 37076 | Shoals:2 | Reached skill level 13 in Invocations
 37733 | Shoals:3 | Reached skill level 8 in Throwing
 37922 | Shoals:3 | Got a scorched bone ring
 37925 | Shoals:3 | Identified the ring of Tirr {rF+ rN+ EV+1 Slay-5} (You
                  | found it on level 3 of the Shoals)
 38980 | Shoals:4 | Entered Level 4 of the Shoals
 39204 | Shoals:4 | Reached skill level 12 in Evocations
 39310 | Shoals:4 | Reached skill level 1 in Translocations
 39383 | Shoals:4 | Reached skill level 1 in Summonings
 39448 | Shoals:4 | Reached skill level 2 in Translocations
 39452 | Shoals:4 | Upgraded the game from 0.23-a0-607-g760965b to
                  | 0.23-a0-612-gcb482e9
 39656 | Shoals:4 | Reached skill level 2 in Summonings
 39656 | Shoals:4 | Reached skill level 3 in Translocations
 39689 | Shoals:4 | Reached XP level 19. HP: 125/125 MP: 18/29
 39856 | Shoals:4 | Reached skill level 9 in Throwing
 39929 | Shoals:4 | Reached skill level 4 in Translocations
 40086 | Shoals:4 | HP: 33/125 [alligator snapping turtle (14)]
 40102 | Shoals:4 | HP: 20/125 [merfolk impaler/+0 trident of protection (8)]
 40330 | Shoals:3 | Reached skill level 14 in Invocations
 40345 | Shoals:3 | Reached skill level 3 in Summonings
 40552 | Shoals:4 | Got a barnacled rune of Zot
 40630 | Shoals:4 | HP: 31/125 [kraken (9)]
 40635 | Shoals:4 | HP: 30/125 [tentacle[a kraken] (1)]
 40642 | Shoals:4 | HP: 19/125 [tentacle[a kraken] (2)]
 40643 | Shoals:4 | HP: 9/125 [tentacle[a kraken] (2)]
 41052 | Shoals:4 | Reached skill level 5 in Translocations
 41663 | Vaults:1 | Entered Level 1 of the Vaults
 41845 | Vaults:1 | Reached skill level 4 in Summonings
 42034 | Vaults:1 | Reached skill level 6 in Translocations
 42636 | Vaults:1 | Reached skill level 7 in Translocations
 42711 | Vaults:1 | Reached skill level 5 in Summonings
 42722 | Vaults:1 | Reached skill level 10 in Throwing
 42986 | Vaults:1 | Found Jeommia's Distillery.
 42997 | Vaults:1 | Bought a potion of haste for 190 gold pieces
 42997 | Vaults:1 | Bought 2 potions of curing for 114 gold pieces
 42997 | Vaults:1 | Bought a potion of heal wounds for 95 gold pieces
 42997 | Vaults:1 | Bought a potion of curing for 57 gold pieces
 42997 | Vaults:1 | Bought 2 potions of heal wounds for 190 gold pieces
 43489 | Vaults:2 | Reached skill level 8 in Translocations
 43600 | Vaults:2 | Found a staircase to the Crypt.
 43948 | Vaults:2 | Reached skill level 15 in Invocations
 44013 | Vaults:2 | Reached skill level 6 in Summonings
 44147 | Vaults:2 | Found Uxziff's Antique Armour Emporium.
 44238 | Vaults:2 | Reached XP level 20. HP: 131/131 MP: 29/31
 44374 | Vaults:2 | Reached skill level 9 in Translocations
 44783 | Spider:3 | HP: 35/131 [wolf spider (5)]
 45677 | Vaults:3 | Reached skill level 7 in Summonings
 45711 | Vaults:3 | Reached skill level 10 in Translocations
 45960 | Vaults:3 | HP: 30/131 [yaktaur/bolt[a vault warden] (11)]
 45978 | Vaults:3 | HP: 30/131 [redback (6)]
 46623 | Vaults:3 | Reached skill level 11 in Translocations
 46703 | Vaults:3 | Found Cigas's Jewellery Emporium.
 46709 | Vaults:3 | Found Ufapnuz's Distillery.
 46854 | Vaults:3 | Found Deikkife's Weapon Boutique.
 46862 | Vaults:3 | Found Jiditup's Magic Scroll Boutique.
 46959 | Vaults:3 | Reached skill level 8 in Summonings
 46997 | Vaults:3 | Reached skill level 16 in Invocations
 47563 | Vaults:3 | Learned a level 4 spell: Passage of Golubria
 47611 | Vaults:4 | Found Nyntonyo's Jewellery Emporium.
 47794 | Vaults:4 | Reached skill level 12 in Translocations
 47911 | Vaults:4 | Reached skill level 9 in Summonings
 48321 | Vaults:4 | Reached XP level 21. HP: 136/136 MP: 12/33
 48453 | Vaults:3 | HP: 35/136 [orc warlord/+1 great sword (16)]
 48459 | Vaults:3 | HP: 15/136 [orc warlord/+1 great sword (21)]
 48460 | Vaults:3 | HP: 6/136 [orc warlord/+1 great sword (9)]
 48990 | Vaults:4 | Found a roughly hewn altar of Beogh.
 49029 | Vaults:4 | Reached skill level 1 in Dodging
 49138 | Vaults:4 | Reached skill level 2 in Dodging
 49138 | Vaults:4 | Reached skill level 10 in Summonings
 49552 | Vaults:2 | Bought a twisted helmet for 351 gold pieces
 49553 | Vaults:2 | Identified the +5 helmet of the Gloaming {rF+ Slay+3} (You
                  | bought it in a shop on level 2 of the Vaults)
 49554 | Vaults:2 | --nice helm!!!
 50028 | Crypt:1  | Entered Level 1 of the Crypt
 50178 | Crypt:1  | Reached skill level 3 in Dodging
 50424 | Crypt:1  | Paralysed by something for 5 turns
 50436 | Crypt:1  | Reached skill level 5 in Spellcasting
 50450 | Crypt:1  | HP: 40/136 [vampire knight/vampiric draining (6)]
 50457 | Crypt:1  | HP: 33/136 [vampire knight/+0 battleaxe (2)]
 50462 | Crypt:1  | HP: 18/136 [vampire knight/+0 battleaxe (12)]
 50467 | Crypt:1  | HP: 7/136 [vampire knight/+0 battleaxe (5)]
 50471 | Crypt:1  | Reached skill level 4 in Dodging
 51211 | Crypt:2  | Reached skill level 5 in Dodging
 51307 | Crypt:2  | Reached skill level 6 in Spellcasting
 51444 | Crypt:1  | Reached skill level 6 in Dodging
 51639 | Crypt:2  | Identified the +2 leather armour of Rotation {rN+ Int+4}
 51855 | Crypt:3  | Entered Level 3 of the Crypt
 51922 | Crypt:3  | Reached skill level 7 in Dodging
 51985 | Crypt:3  | Reached skill level 7 in Spellcasting
 52219 | Crypt:3  | Reached skill level 8 in Dodging
 52251 | Crypt:3  | HP: 55/204 [deep elf death mage/vampiric draining (12)]
 52894 | Crypt:3  | Found a staircase to the Tomb.
 52986 | Crypt:3  | Reached skill level 8 in Spellcasting
 53169 | Crypt:3  | Reached skill level 9 in Dodging
 53889 | Crypt:3  | Reached XP level 22. HP: 142/142 MP: 34/34
 53972 | Crypt:3  | Reached skill level 10 in Dodging
 54028 | Crypt:3  | Reached skill level 9 in Spellcasting
 54641 | Crypt:3  | Reached skill level 11 in Dodging
 54676 | Crypt:3  | Got an ancient iron ring
 54676 | Crypt:3  | Got a glittering copper ring
 54702 | Crypt:3  | Identified the ring of Koghoasi {rN+ Int+4} (You found it
                  | on level 3 of the Crypt)
 54703 | Crypt:3  | Identified the ring "Ymiasib" {rElec rN+ MP+9 Slay+5} (You
                  | found it on level 3 of the Crypt)
 55115 | Shoals:2 | Bought a metal-bound book for 585 gold pieces
 55224 | Elf:1    | Entered Level 1 of the Elven Halls
 55620 | Elf:1    | Found a runed gate.
 55620 | Elf:1    | Found a runed gate.
 55620 | Elf:1    | Found a runed gate.
 55621 | Elf:1    | Noticed galech's ghost (journeyman DsFi)
 55806 | Elf:1    | Reached skill level 10 in Spellcasting
 55886 | Elf:1    | Identified the Grimoire of Black Rites
 55891 | Elf:1    | Learned a level 1 spell: Animate Skeleton
 56131 | Elf:1    | Noticed Agnes
 56154 | Elf:1    | Killed Agnes
 56261 | Elf:1    | Reached skill level 12 in Dodging
 56537 | Elf:1    | Killed galech's ghost
 56537 | Elf:1    | Reached skill level 1 in Necromancy
 56710 | Elf:2    | Reached skill level 2 in Necromancy
 56743 | Elf:2    | Found Heuxoada's Gadget Shop.
 56933 | Elf:2    | Found a runed gate.
 56933 | Elf:2    | Found a runed gate.
 56938 | Elf:2    | Found a runed gate.
 57058 | Elf:2    | Reached skill level 3 in Necromancy
 57114 | Elf:2    | Found a transporter.
 57116 | Elf:2    | Noticed Onteab's ghost (adept CeHu)
 57268 | Elf:2    | Found a transporter.
 57713 | Elf:2    | Upgraded the game from 0.23-a0-612-gcb482e9 to
                  | 0.23-a0-619-g281719c
 57853 | Elf:2    | Reached skill level 4 in Necromancy
 58274 | Elf:2    | Reached skill level 17 in Fighting
 58295 | Elf:2    | Killed Onteab's ghost
 58295 | Elf:2    | Reached skill level 5 in Necromancy
 58351 | Elf:2    | Identified the +2 plate armour "Huprinta" {rF+} (You found
                  | it on level 2 of the Elven Halls)
 58382 | Elf:2    | Reached XP level 23. HP: 150/150 MP: 37/37
 58636 | Elf:3    | Entered Level 3 of the Elven Halls
 58678 | Elf:3    | Reached XP level 24. HP: 157/157 MP: 37/37
 58733 | Elf:3    | Found Nouseudgh's Gadget Boutique.
 58736 | Elf:3    | Found Pyeclew's Antique Weapon Boutique.
 59627 | Elf:3    | Identified the ring of Jiseint {*Slow rF+++ rC+ MR+ Dex-3}
 59646 | Elf:3    | Cast into level 2 of the Abyss (a deep elf sorcerer)
 59659 | Abyss:2  | Found a shattered altar of Ashenzari.
 59704 | Elf:3    | Escaped the Abyss
 59718 | Elf:3    | HP: 44/157 [earth elemental[a deep elf elementalist] (5)]
 59972 | Elf:2    | Reached skill level 6 in Necromancy
 60085 | Elf:2    | Reached skill level 18 in Fighting
 60834 | Elf:3    | Noticed Saint Roka
 60984 | Elf:2    | Killed Saint Roka
 60984 | Elf:2    | Reached skill level 7 in Necromancy
 61303 | Elf:3    | Cast into level 3 of the Abyss (a deep elf demonologist)
 61413 | Abyss:3  | Paralysed by you for 2 turns
 61419 | Abyss:3  | Found a corrupted altar of Lugonu.
 61516 | Abyss:3  | Found a corrupted altar of Lugonu.
 61608 | Abyss:3  | Found a shadowy altar of Dithmenos.
 61615 | Elf:3    | Escaped the Abyss
 61674 | Elf:3    | Identified the cursed +0 robe of the Comet {SInv Stlth+}
 61676 | Elf:3    | Identified the +8 trident of the Heart {vamp, Str+4 Dex+2}
 61927 | Elf:3    | Identified the cursed +1 short sword of Goathuor
                  | {antimagic, rC+ Int+7 Dex+4}
 61991 | Elf:3    | Identified the +9 hand axe of Freehold {holy, rF+ rN+ MR-}
 62012 | Elf:3    | Reached skill level 8 in Necromancy
 62032 | Elf:3    | Identified the Guide on Dusty Conjuration
 62037 | Elf:3    | Identified Denlachi's Disquisition on Creative Talismans
 62067 | Elf:3    | Identified Zerhiuss's Guide on Cold
 62325 | Lair:1   | Learned a level 5 spell: Borgnjor's Vile Clutch
 62467 | Depths:1 | Entered Level 1 of the Depths
 62483 | Depths:1 | Reached skill level 1 in Earth Magic
 62524 | Depths:1 | Reached skill level 2 in Earth Magic
 62587 | Depths:1 | Reached skill level 3 in Earth Magic
 62602 | Depths:1 | Reached skill level 19 in Fighting
 62619 | Depths:1 | Reached skill level 4 in Earth Magic
 62687 | Depths:1 | Reached skill level 5 in Earth Magic
 62796 | Depths:1 | Found a one-way gate to the infinite horrors of the Abyss.
 62946 | Depths:1 | Got a vibrating glass ring
 62947 | Depths:1 | Identified the ring of Irifuix {rN+ Str+6 Int+2} (You found
                  | it on level 1 of the Depths)
 62968 | Depths:1 | Reached skill level 6 in Earth Magic
 63413 | Depths:1 | Reached skill level 7 in Earth Magic
 63475 | Depths:1 | Found a gateway to Hell.
 63592 | Depths:1 | HP: 46/161 [fire giant/+2 great sword of flaming[a boggart]
                  | (14)]
 63751 | Depths:1 | Reached XP level 25. HP: 168/168 MP: 37/37
 63845 | Depths:1 | Reached skill level 8 in Earth Magic
 63936 | Depths:1 | HP: 42/168 [deep troll earth mage/Lee's Rapid
                  | Deconstruction (17)]
 64128 | Lair:1   | Learned a level 5 spell: Lee's Rapid Deconstruction
 64467 | Depths:1 | Reached skill level 9 in Earth Magic
 64513 | Depths:1 | Reached skill level 20 in Fighting
 64855 | Depths:1 | Reached skill level 10 in Earth Magic
 64973 | Depths:1 | Identified the amulet of Ofru {RegenMP Dex+2}
 65506 | Depths:1 | Reached skill level 11 in Earth Magic
 65829 | Depths:2 | Reached skill level 17 in Maces & Flails
 65847 | Depths:2 | Reached skill level 12 in Earth Magic
 66083 | Depths:2 | Found the +2 shield of Resistance {rF+ rC+ MR+}
 66226 | Depths:2 | HP: 44/168 [ice dragon/blast of cold (20)]
 66402 | Depths:2 | Reached skill level 13 in Earth Magic
 66469 | Depths:2 | Found a stormy altar of Qazlal.
 66490 | Depths:2 | Identified Zoegun's Catalogue of the Rocks
 66701 | Depths:2 | Reached XP level 26. HP: 174/174 MP: 37/37
 67168 | Depths:1 | Identified the +10 quarterstaff of Izekkoh {holy, rC- rN+++
                  | MR++ MP+9} (You found it on level 1 of the Depths)
 67170 | Depths:1 | Identified the +8 quarterstaff "Jyffyut" {venom, rPois rN+
                  | MP+9 Int-2 Dex+5} (You found it on level 1 of the Depths)
 67298 | Depths:3 | HP: 51/174 [??? (13)]
 67601 | Depths:3 | Reached skill level 14 in Earth Magic
 67604 | Depths:3 | Reached skill level 18 in Maces & Flails
 68250 | Depths:3 | Noticed Frederick
 68281 | Depths:3 | Killed Frederick
 68483 | Depths:3 | Found a one-way gate leading to the halls of Pandemonium.
 68633 | Depths:3 | Found Uckeank's Jewellery Emporium.
 68633 | Depths:3 | Found Imecwaa's Gadget Shop.
 68634 | Depths:3 | Found Elydeh's Gadget Shop.
 68677 | Depths:3 | Reached skill level 15 in Earth Magic
 69174 | Vaults:3 | Bought 2 potions of curing for 114 gold pieces
 69174 | Vaults:3 | Bought a potion of heal wounds for 95 gold pieces
 69174 | Vaults:3 | Bought a potion of curing for 57 gold pieces
 69637 | D:13     | You paid a toll of 18 potions of curing to enter a treasure
                  | trove
 69638 | Trove    | Entered a treasure trove
 69659 | Trove    | Got a flickering iron ring
 69661 | Trove    | Got a fine bronze ring
 69663 | Trove    | Got a brightly glowing silver ring
 69665 | Trove    | Got a steaming diamond amulet
 69685 | Trove    | Got a transparent lapis lazuli ring
 69687 | Trove    | Got a glittering wooden ring
 69688 | Trove    | Identified the amulet of Jymu Vai {RegenMP +Fly Dex-5 SInv}
                  | (You found it in a treasure trove)
 69691 | Trove    | Identified the ring "Rumautoh" {MR+ Stlth+} (You found it
                  | in a treasure trove)
 69692 | Trove    | Identified the ring "Huwk" {rN+ MR+ Str+3 Dex+4} (You found
                  | it in a treasure trove)
 69699 | Trove    | Got a scorched ivory ring
 69700 | Trove    | Identified the ring of Mol Hay {+Fly rPois MR- AC+1 Str+5}
                  | (You found it in a treasure trove)
 69701 | Trove    | Identified the ring "Ficaxew" {rC++ rN+ MR+ Int+3 Dex-3}
                  | (You found it in a treasure trove)
 69702 | Trove    | Identified the ring of the Echidna {rF+ Int+2} (You found
                  | it in a treasure trove)
 69703 | Trove    | Identified the ring "Detog" {*Tele *Drain rC+ Slay+2 SInv}
                  | (You found it in a treasure trove)
 70235 | Depths:4 | Found an iron altar of Okawaru.
 70408 | Depths:4 | Found a corrupted altar of Lugonu.
 70490 | Depths:4 | Reached skill level 19 in Maces & Flails
 70516 | Depths:4 | Noticed a juggernaut
 70531 | Depths:4 | Killed a juggernaut
 70586 | Depths:4 | Reached skill level 17 in Armour
 70893 | Depths:4 | Found a gateway to a ziggurat.
 71111 | Depths:5 | Entered Level 5 of the Depths
 71249 | Depths:5 | Reached XP level 27. HP: 179/179 MP: 37/37
 71452 | Depths:5 | Found a gate to the Realm of Zot.
 71493 | Depths:5 | Reached skill level 18 in Armour
 71601 | Depths:5 | Reached skill level 20 in Maces & Flails
 72658 | Vaults:5 | Entered Level 5 of the Vaults
 72871 | Vaults:4 | Reached skill level 19 in Armour
 72880 | Vaults:4 | Learned a level 4 spell: Summon Lightning Spire
 72883 | Vaults:4 | Learned a level 2 spell: Swiftness
 73104 | Vaults:5 | Noticed an ancient lich
 73119 | Vaults:5 | Killed an ancient lich
 73119 | Vaults:5 | Reached skill level 20 in Armour
 73183 | Vaults:5 | Noticed an ancient lich
 73216 | Vaults:5 | Killed an ancient lich
 73273 | Vaults:5 | Identified Sif Muna's Disquisition on Creative Orientation
 73542 | Vaults:5 | Reached skill level 11 in Summonings
 73828 | Vaults:5 | Found the +3 hat of Pondering {ponderous, MR+ MP+10 Int+5}
 74122 | Vaults:5 | Identified the +4 chain mail "Eceolit" {rN+} (You found it
                  | on level 5 of the Vaults)
 74178 | Vaults:5 | Identified the +1 robe of Wisdom {+Blink}
 74230 | Vaults:5 | Noticed an ancient lich
 74244 | Vaults:5 | Killed an ancient lich
 74278 | Vaults:5 | Reached skill level 12 in Summonings
 74289 | Vaults:5 | Reached skill level 21 in Armour
 74542 | Vaults:5 | Got a flickering emerald amulet
 74568 | Vaults:5 | Got a silver rune of Zot
 74582 | Vaults:5 | Identified the amulet of Potwib {+Rage rC+} (You found it
                  | on level 5 of the Vaults)
 74583 | Vaults:5 | Identified the +4 plate armour "Nuggele" {rF+ MR+ Int+10
                  | Stlth-} (You found it on level 5 of the Vaults)
 74853 | Vaults:5 | Got a sparkling golden ring
 74870 | Vaults:5 | Identified the ring "Fiyler" {+Fly rPois Str+2 Dex+2
                  | Slay+3} (You found it on level 5 of the Vaults)
 75305 | Slime:1  | Entered Level 1 of the Pits of Slime
 75513 | Slime:2  | Noticed Dissolution
 75545 | Slime:1  | Paralysed by a floating eye for 3 turns
 75662 | Lair:5   | Reached skill level 13 in Summonings
 75739 | Lair:5   | Killed Dissolution
 75764 | Slime:2  | Gained mutation: Your body sometimes deteriorates upon
                  | taking damage. [a shining eye]
 75948 | Slime:2  | Reached skill level 22 in Armour
 76170 | Slime:5  | Entered Level 5 of the Pits of Slime
 76515 | Slime:5  | Reached skill level 14 in Summonings
 76783 | Slime:5  | Found a viscous altar of Jiyva.
 76869 | Slime:5  | Noticed the Royal Jelly
 77029 | Slime:4  | HP: 52/180 [acid[the Royal Jelly] (7)]
 77034 | Slime:4  | HP: 28/180 [azure jelly[the Royal Jelly] (4)]
 77039 | Slime:4  | HP: 23/180 [acid[the Royal Jelly] (1)]
 77189 | Slime:4  | Reached skill level 11 in Spellcasting
 77483 | Slime:5  | Found the +10 Black Knight's horse barding {ponderous,
                  | rPois rN+}
 77539 | Slime:5  | Killed the Royal Jelly
 77578 | Slime:5  | Got a pair of ichor-stained gloves
 77629 | Slime:5  | Got a clouded tin ring
 77645 | Slime:5  | Got a slimy rune of Zot
 77647 | Slime:5  | Got a fine brass ring
 77675 | Slime:5  | Got a smoking bronze amulet
 77856 | Lair:1   | Identified the cursed -2 pair of gloves "Docemol" {rElec
                  | rF- Str+6} (You found it on level 5 of the Pits of Slime)
 77857 | Lair:1   | Identified the amulet "Ajeroirr" {Faith Int+3} (You found
                  | it on level 5 of the Pits of Slime)
 77858 | Lair:1   | Identified the ring of Omoth {rF+ rN++ MP+9} (You found it
                  | on level 5 of the Pits of Slime)
 77859 | Lair:1   | Identified the ring "Monorou" {MR+ Int+3} (You found it on
                  | level 5 of the Pits of Slime)
 77892 | Lair:1   | Learned a level 3 spell: Portal Projectile
 77899 | Lair:1   | Learned a level 6 spell: Shadow Creatures
 78121 | Pan      | Entered Pandemonium
 78200 | Pan      | Noticed Yngit the pandemonium lord
 78223 | Pan      | HP: 45/180 [Yngit the pandemonium lord (27)]
 78224 | Pan      | HP: 18/180 [Yngit the pandemonium lord (27)]
 78229 | Pan      | HP: 10/180 [Yngit the pandemonium lord (23)]
 78233 | Pan      | Killed Yngit the pandemonium lord
 78234 | Pan      | HP: 41/180 [hellion/damnation (27)]
 78236 | Pan      | HP: 4/180 [hellion/damnation (30)]
 78236 | Pan      | Killed from afar by a hellion

Vault maps used:
D:1:      dpeg_arrival_windows_large_door, bh_walls_and_bars
D:2:      dancing_weapons_uskayaw, lemuel_blue_sif_altar, first_ration,
          fedhas_altar_3
D:3:      amethyst_overflow_temple_binary, uniq_natasha
D:4:      kennysheep_little_box, nicolae_dithmenos_the_darkroom, serial_forest,
          infiniplex_forest_lined_room_2, infiniplex_forest_straight_1,
          infiniplex_forest_lined_3_way, infiniplex_forest_end_2,
          infiniplex_forest_clump_long, infiniplex_forest_clump_small,
          infiniplex_forest_end_3, infiniplex_forest_zigzag_1,
          infiniplex_forest_clump_long, infiniplex_forest_lined_4_way,
          minmay_manual_monstrance
D:5:      minmay_temple_entry_arrows, minmay_misc_feat_roman
D:6:      cheibrodos_sewer_entry_sluice
D:7:      yredelemnul_altar_generic, old_standard_altar,
          grunt_temple_overflow_gold_and_silver, gammafunk_ghost_arena,
          the_bakery
D:8:      overflow_temple_1_default, cheibriados_altar_1,
          kennysheep_pointless_box, nrook_uturn
D:9:      lair_entry_dummy, enter_bailey_8, minivault_28
D:10:     minmay_the_grid_octo_triangle, orc_0_dummy, uniq_harold
D:11:     minmay_distorted_concentric_squares, gauntlet_entry_generic,
          minivault_19
D:12:     uniq_rupert
D:13:     david_vaults_4, basic_altar, nicolae_trove_entry_free_sample,
          serial_park_tiny_1
D:14:     minivault_19, glass_columns_a, uniq_azrael, uniq_louise
D:15:     grunt_enter_depths_magical_seal, serial_shops,
          nicolae_shop_competitors_out_of_business, serial_co_window_serial,
          co_window_paths_b, co_window_corner_a, co_window_paths_a,
          co_window_of_opportunity_a, co_window_corner_a, co_window_cross_3,
          co_window_broadway_b, co_window_corner_b, co_window_unsneaky_path_e,
          co_window_unsneaky_path_d, co_window_paths_c, co_window_corner_b,
          glass_columns_b, glass_columns_a, glass_columns_b, glass_columns_a,
          glass_columns_c
Temple:   corrupted_temple
Lair:2:   shoals_dummy_entry, nicolae_spider_entry_orb_guardian,
          grunt_forest_stairs_clearing, uniq_nergalle
Lair:3:   basic_altar, lemuel_fruit_tree
Lair:4:   serial_bayou_pond_b, serial_bayou_pond_b, minmay_lindwurm_lava
Lair:5:   slime_altar_1, uniq_kirke
Lair:6:   evilmike_catoblepas_cave, minivault_19
Shoals:2: serial_shops, shop
Shoals:3: nicolae_shoals_this_corrosion
Shoals:4: shoals_end_simple, nicolae_shoals_stone_sculpture_thing, yaktaur_hedge
Spider:1: guppyfry_spider_mini_1
Spider:3: gammafunk_ghost_arena
Spider:4: grunt_spider_rune_island
Slime:2:  dissolution_awaits
Slime:3:  cheibrodos_slime_lost_civilization_1, uniq_dissolution
Orc:1:    gammafunk_ghost_cemetery
Orc:2:    st_orc_town, portal_ice_cave_entry_pillars_1, serial_shops, shop,
          uniq_donald
Elf:1:    elf_arrival_001, gammafunk_ghost_split, hangedman_elf_represent,
          st_stairs_13, minmay_elf_necromancy, uniq_agnes
Elf:2:    serial_shops, shop, gammafunk_ghost_arena
Elf:3:    minmay_elf_hall_not_hex, minmay_shop_star, uniq_saint_roka
Vaults:1: nicolae_vaults_little_squares_3, nicolae_vaults_yaktaur_gun_rack,
          vaults_room_fours, nicolae_vaults_rhombus_5, serial_shops,
          shop_fountains
Vaults:2: minmay_crypt_entry_simple_round, vaults_standard_mumra_x,
          ontoclasm_vaults_pinch, ontoclasm_vaults_ligature,
          nicolae_vaults_network_quincunx, ontoclasm_vaults_misaligned,
          v_alt_pattern_5, v_misc_33, v_misc_16, v_misc_27,
          ontoclasm_vaults_decontamination, v_misc_15, grunt_vaults_twisty,
          grunt_vaults_diagonal, serial_shops, nicolae_shop_crystal
Vaults:3: hangedman_vaults_locks, ontoclasm_vaults_loading_screen,
          vaults_room_fours, grunt_vaults_focal, ontoclasm_vaults_shuriken,
          hangedman_vaults_impose, v_misc_27, nicolae_vaults_big_angled_halls,
          nicolae_vaults_network_periphery, ontoclasm_vaults_fault,
          ontoclasm_vaults_bender, vaults_dpeg_diagonal, vaults_room_fours,
          nicolae_vaults_three_branches, nicolae_vaults_rhombus_7, serial_shops,
          nicolae_shop_waterfront, shop, shop, nicolae_shop_crystal
Vaults:4: ontoclasm_vaults_eye, hangedman_vaults_corner_blocks,
          special_room_vaults, vaults_room_boxed, v_misc_28,
          nicolae_vaults_ninety_degrees, hangedman_vaults_cutoff,
          vaults_room_corners, vaults_room_hallway, vaults_room_pools,
          nicolae_vaults_angled_halls, vaults_room_ringed_pool,
          nicolae_vaults_little_squares_1, serial_ice_m,
          grunt_vaults_hallway_short, vaults_mumra_chevron, serial_shops,
          nicolae_shop_stone
Crypt:1:  grunt_crypt_arrival_webbed, uniq_aizul
Crypt:2:  due_unseen_surprise
Crypt:3:  due_elkab, nicolae_tomb_entry_rubble_hallway, columned_hall_lemuel
Depths:1: hangedman_box_tower, abyss_entry_small_statue_room,
          grunt_mini_vestibule, nrook_mini_backslash,
          minmay_hollow_rounded_squares, firewood_loft
Depths:2: regret_index_qazlal_generations, serial_sigils,
          serial_sigils_hangedman_quiver, serial_sigils_hangedman_carve,
          serial_sigils_hangedman_gut, serial_sigils_hangedman_etch, hell_entry
Depths:3: cheibrodos_tormentor_scu, abyss_entry, hell_entry,
          grunt_pan_entry_zigzag, spider_trap, grunt_megastairs_2,
          infiniplex_staircase_9_rooms, serial_bayou_shore_b,
          serial_bayou_shore_a, minmay_shop_grove, uniq_frederick
Depths:4: cheibrodos_salmonella, enter_ziggurat_e, abyss_entry_flame_altar,
          kennysheep_flooded_box, hell_entry, minmay_staircase_bubble
Depths:5: evilmike_zot_entry_round, serial_sigils_hangedman_quiver, hell_entry,
          abyss_entry, minmay_fountain_box, serial_sigils_hangedman_snap
Pan:      evilmike_mini_pan_branches, uniq_mennas_pan
Trove:    trove_jewel_2
Sewer:    sewer_the_crocodile
Bailey:   bailey_polearm_2, bailey
IceCv:    ice_cave_caverns_02
Gauntlet: gammafunk_gauntlet_hard_choice

Skill      XL: |  1  2  3  4  5  6  7  8  9 10 11 12 13 14 15 16 17 18 19 20 21 22 23 24 25 26 27 |
---------------+----------------------------------------------------------------------------------+-----
Maces & Flails | 1 2 3 4 5 7 9 11 12 13 14 15 16 17 19 20 | 20.0
Fighting       | 1 2 3 7 9 11 13 14 16 17 19 20 | 20.7
Armour         | 2 3 5 7 9 11 12 14 15 16 17 22 | 22.0
Invocations    | 5 7 10 12 13 15 16 | 16.0
Evocations     | 2 6 8 10 12 | 12.0
Throwing       | 6 8 10 | 10.0
Translocations | 3 8 12 | 12.8
Summonings     | 2 6 9 10 14 | 14.4
Dodging        | 9 12 | 12.0
Spellcasting   | 8 10 11 | 11.3
Necromancy     | 5 8 |  8.0
Earth Magic    | 7 13 15 | 15.0
Stealth        | |  1.1
Hexes          | |  1.7
Fire Magic     | |  1.0
Poison Magic   | |  1.0

Action                   |  1- 3 |  4- 6 |  7- 9 | 10-12 | 13-15 | 16-18 | 19-21 | 22-24 | 25-27 || total
-------------------------+-------+-------+-------+-------+-------+-------+-------+-------+-------++-------
Melee: Club              |    37 |       |       |       |       |       |       |       |       ||    37
       Mace              |   101 |    40 |       |       |       |       |       |       |       ||   141
       Flail             |       |   160 |   488 |   368 |       |       |       |       |       ||  1016
       Eveningstar       |       |       |       |   450 |  1730 |  2453 |  3066 |  1802 |    52 ||  9553
       Unarmed           |       |       |       |       |     2 |       |       |       |       ||     2
       Great mace        |       |       |       |       |       |       |       |       |  2403 ||  2403
Throw: Stone             |     2 |     5 |    11 |       |     1 |       |       |       |       ||    19
       Tomahawk          |       |    10 |    21 |    34 |       |    47 |    11 |       |       ||   123
       Throwing net      |       |       |     1 |       |     2 |       |       |     1 |       ||     4
       Javelin           |       |       |       |       |       |     7 |     4 |    18 |       ||    29
 Cast: Lee's Rapid Decon |       |       |       |       |       |       |       |       |    36 ||    36
       Blink             |       |       |       |       |       |       |       |       |     4 ||     4
       Apportation       |       |       |       |       |       |       |       |       |     2 ||     2
Invok: Lesser Servant of |       |       |       |     2 |     4 |     4 |     5 |       |       ||    15
       Major Destruction |       |       |       |       |       |       |     3 |     3 |     1 ||     7
       Greater Servant o |       |       |       |       |       |       |       |     4 |     7 ||    11
 Abil: Evoke Blink       |       |       |       |       |     4 |     2 |    14 |     1 |       ||    21
       Evoke Berserk Rag |       |       |       |       |     1 |     2 |     4 |       |       ||     7
       Fly               |       |       |       |       |     1 |       |       |       |       ||     1
       Stop Flying       |       |       |       |       |       |       |     1 |       |       ||     1
Evoke: Wand              |       |       |       |    14 |     3 |     7 |     4 |       |     1 ||    29
       Phantom mirror    |       |       |       |       |       |       |       |       |     1 ||     1
  Use: Scroll            |     7 |     3 |     6 |     6 |    15 |     4 |     6 |     8 |    31 ||    86
       Potion            |       |     1 |       |     3 |       |     1 |     3 |     1 |     8 ||    17
 Stab: Sleeping          |     1 |       |       |       |       |       |       |       |     3 ||     4
       Distracted        |       |     1 |       |     2 |     1 |       |     1 |       |     2 ||     7
       Paralysed         |       |       |       |       |       |     3 |       |       |       ||     3
       Held in net/web   |       |       |       |       |       |       |       |     2 |       ||     2
  Eat: Chunk             |     2 |    10 |    13 |    23 |    35 |    33 |    31 |    23 |    44 ||   214
       Ration            |       |       |       |     4 |     2 |     3 |     9 |     4 |     4 ||    26
Armor: Robe              |     3 |       |       |       |       |       |       |       |       ||     3
       Ring mail         |    72 |    44 |       |       |       |       |       |       |       ||   116
       Chain mail        |       |    64 |    23 |       |       |       |       |       |       ||    87
       Plate armour      |       |       |   338 |   895 |  1356 |  3473 |  3220 |  1081 |       || 10363
       Troll leather arm |       |       |       |       |       |       |       |   254 |  1939 ||  2193
Dodge: Dodged            |   104 |    89 |   136 |   311 |   467 |  1109 |  1172 |  1000 |  2140 ||  6528
Block: Other             |       |       |       |       |   108 |       |       |       |       ||   108
       Reflection        |       |       |       |       |     2 |       |       |       |       ||     2

Table legend:
 A = Non-vault XP
 B = Vault XP
 C = Vault XP percentage of total XP
 D = Non-vault monster count
 E = Vault monster count
 F = Vault count percentage of total count
                 A         B        C        D         E       F
            +---------+---------+-------+---------+---------+-------
      Total |  714795 |  776330 |  52.1 |    1596 |     942 |  37.1
            +---------+---------+-------+---------+---------+-------
        D:1 |     117 |       0 |   0.0 |      32 |       0 |   0.0
        D:2 |     104 |       0 |   0.0 |      25 |       0 |   0.0
        D:3 |     378 |      36 |   8.7 |      45 |       1 |   2.2
        D:4 |     363 |      71 |  16.4 |      21 |       3 |  12.5
        D:5 |     873 |       0 |   0.0 |      28 |       0 |   0.0
        D:6 |     730 |      15 |   2.0 |      28 |       2 |   6.7
        D:7 |    1378 |    1099 |  44.4 |      26 |       6 |  18.8
        D:8 |    1057 |       0 |   0.0 |      30 |       0 |   0.0
        D:9 |    1585 |    2705 |  63.1 |      22 |      12 |  35.3
       D:10 |    2115 |    2955 |  58.3 |      25 |       9 |  26.5
       D:11 |    4968 |    2191 |  30.6 |      36 |       8 |  18.2
       D:12 |    1551 |    3079 |  66.5 |      13 |       1 |   7.1
       D:13 |   11524 |    2371 |  17.1 |      34 |       3 |   8.1
       D:14 |   13269 |    3575 |  21.2 |      36 |       6 |  14.3
       D:15 |   16591 |    6799 |  29.1 |      45 |      12 |  21.1
     Temple |      90 |       0 |   0.0 |       1 |       0 |   0.0
     Lair:1 |     515 |       0 |   0.0 |       2 |       0 |   0.0
     Lair:2 |   13382 |    3782 |  22.0 |      46 |      14 |  23.3
     Lair:3 |    4384 |     980 |  18.3 |      26 |       4 |  13.3
     Lair:4 |    1880 |    3101 |  62.3 |       9 |       9 |  50.0
     Lair:5 |   16240 |   17120 |  51.3 |      41 |       2 |   4.7
     Lair:6 |    3588 |   12304 |  77.4 |      12 |      23 |  65.7
   Shoals:1 |   18027 |       0 |   0.0 |      31 |       0 |   0.0
   Shoals:2 |   24218 |       0 |   0.0 |      48 |       0 |   0.0
   Shoals:3 |   10140 |    7981 |  44.0 |      29 |      10 |  25.6
   Shoals:4 |   10419 |   19103 |  64.7 |      16 |      34 |  68.0
   Spider:1 |    6979 |       0 |   0.0 |      15 |       0 |   0.0
   Spider:2 |    6507 |       0 |   0.0 |      20 |       0 |   0.0
   Spider:3 |   11869 |    1069 |   8.3 |      22 |       3 |  12.0
   Spider:4 |   14606 |   25056 |  63.2 |      37 |      41 |  52.6
    Slime:1 |    7981 |       0 |   0.0 |      14 |       0 |   0.0
    Slime:2 |   11337 |       0 |   0.0 |      14 |       0 |   0.0
    Slime:3 |    7981 |       0 |   0.0 |      12 |       0 |   0.0
    Slime:4 |    6116 |    1822 |  23.0 |      12 |       1 |   7.7
    Slime:5 |   19356 |   34541 |  64.1 |      31 |      16 |  34.0
      Orc:1 |    8313 |    4067 |  32.9 |      38 |       3 |   7.3
      Orc:2 |    2783 |    8173 |  74.6 |      34 |      52 |  60.5
      Elf:1 |   14688 |   19468 |  57.0 |      30 |      33 |  52.4
      Elf:2 |   18158 |   53778 |  74.8 |      29 |      57 |  66.3
      Elf:3 |   16166 |   26996 |  62.5 |      28 |      27 |  49.1
   Vaults:1 |   31979 |    2617 |   7.6 |      50 |       5 |   9.1
   Vaults:2 |   13178 |   18385 |  58.2 |      28 |      32 |  53.3
   Vaults:3 |   38076 |   20897 |  35.4 |      70 |      23 |  24.7
   Vaults:4 |   13553 |   46560 |  77.5 |      19 |      68 |  78.2
   Vaults:5 |   29485 |  134423 |  82.0 |      28 |      80 |  74.1
    Crypt:1 |   18941 |       0 |   0.0 |      29 |       0 |   0.0
    Crypt:2 |   10395 |    5849 |  36.0 |      16 |       8 |  33.3
    Crypt:3 |   27994 |   45806 |  62.1 |      35 |      62 |  63.9
   Depths:1 |   45510 |   79581 |  63.6 |      63 |      81 |  56.2
   Depths:2 |   38972 |   40700 |  51.1 |      47 |      32 |  40.5
   Depths:3 |   31117 |   28257 |  47.6 |      35 |      26 |  42.6
   Depths:4 |   43707 |   38054 |  46.5 |      52 |      21 |  28.8
   Depths:5 |   38943 |   16814 |  30.2 |      37 |      12 |  24.5
    Abyss:3 |   19387 |       0 |   0.0 |      42 |       0 |   0.0
        Pan |    1232 |   13487 |  91.6 |       2 |       6 |  75.0
      Sewer |       0 |     139 | 100.0 |       0 |       6 | 100.0
     Bailey |       0 |    2382 | 100.0 |       0 |      25 | 100.0
      IceCv |       0 |   13737 | 100.0 |       0 |      50 | 100.0
   Gauntlet |       0 |    4405 | 100.0 |       0 |      13 | 100.0
            +---------+---------+-------+---------+---------+-------

Table legend:
 A = Turns spent in this place as a percentage of turns spent in the entire game.
 B = Non-inter-level travel turns spent in this place as a percentage of non-inter-level travel turns spent in the entire game.
 C = Inter-level travel turns spent in this place as a percentage of turns spent in this place.
 D = Turns resting spent in this place as a percentage of non-inter-level travel turns spent in this place.
 E = Turns spent auto-exploring this place as a percentage of non-inter-level travel turns spent in this place.
 F = Non-inter-level travel turns spent in this place divided by the number of levels of this place that you've seen.
                   A       B       C       D       E      F
               +-------+-------+-------+-------+-------+----------------------
         Total | 100.0 | 100.0 |  10.6 |  17.2 |  33.5 | 1128.0
       Dungeon |  25.7 |  23.4 |  18.8 |  17.2 |  44.2 | 1088.8
        Temple |   0.1 |   0.1 |  23.6 |   0.0 |  33.3 |  42.0
          Lair |   9.9 |   9.6 |  13.6 |  10.7 |  45.8 | 1120.5
        Shoals |   7.5 |   8.0 |   4.8 |  16.1 |  31.1 | 1406.0
   Spider Nest |   5.7 |   5.9 |   8.2 |   6.9 |  45.5 | 1028.0
    Slime Pits |   2.7 |   2.9 |   2.6 |  41.5 |   0.0 | 408.8
  Orcish Mines |   3.6 |   3.8 |   6.6 |  23.2 |  11.3 | 1324.5
   Elven Halls |   8.3 |   8.7 |   6.0 |  24.8 |  29.7 | 2033.7
        Vaults |  13.2 |  12.6 |  14.7 |   9.1 |  32.3 | 1762.2
         Crypt |   6.1 |   6.6 |   3.9 |  20.9 |  27.5 | 1530.3
        Depths |  10.7 |  11.3 |   5.4 |  11.3 |  39.5 | 1578.8
         Abyss |   0.9 |   1.0 |   0.0 |   3.7 |   4.8 | 227.3
   Pandemonium |   0.1 |   0.2 |   0.0 |   0.0 |  14.8 | 115.0
         Trove |   0.1 |   0.1 |   0.0 |   0.0 |   0.0 |  83.0
         Sewer |   0.2 |   0.2 |   0.0 |   0.0 |   9.8 | 133.0
        Bailey |   3.1 |   3.5 |   0.0 |  59.2 |   0.7 | 2438.0
      Ice Cave |   1.2 |   1.3 |   0.0 |   0.0 |   7.4 | 931.0
      Gauntlet |   0.8 |   0.9 |   0.0 |  28.3 |   0.0 | 632.0
               +-------+-------+-------+-------+-------+----------------------

Vault maps used:
D:1:      dpeg_arrival_windows_large_door, bh_walls_and_bars
D:2:      dancing_weapons_uskayaw, lemuel_blue_sif_altar, first_ration,
          fedhas_altar_3
D:3:      amethyst_overflow_temple_binary, uniq_natasha
D:4:      kennysheep_little_box, nicolae_dithmenos_the_darkroom, serial_forest,
          infiniplex_forest_lined_room_2, infiniplex_forest_straight_1,
          infiniplex_forest_lined_3_way, infiniplex_forest_end_2,
          infiniplex_forest_clump_long, infiniplex_forest_clump_small,
          infiniplex_forest_end_3, infiniplex_forest_zigzag_1,
          infiniplex_forest_clump_long, infiniplex_forest_lined_4_way,
          minmay_manual_monstrance
D:5:      minmay_temple_entry_arrows, minmay_misc_feat_roman
D:6:      cheibrodos_sewer_entry_sluice
D:7:      yredelemnul_altar_generic, old_standard_altar,
          grunt_temple_overflow_gold_and_silver, gammafunk_ghost_arena,
          the_bakery
D:8:      overflow_temple_1_default, cheibriados_altar_1,
          kennysheep_pointless_box, nrook_uturn
D:9:      lair_entry_dummy, enter_bailey_8, minivault_28
D:10:     minmay_the_grid_octo_triangle, orc_0_dummy, uniq_harold
D:11:     minmay_distorted_concentric_squares, gauntlet_entry_generic,
          minivault_19
D:12:     uniq_rupert
D:13:     david_vaults_4, basic_altar, nicolae_trove_entry_free_sample,
          serial_park_tiny_1
D:14:     minivault_19, glass_columns_a, uniq_azrael, uniq_louise
D:15:     grunt_enter_depths_magical_seal, serial_shops,
          nicolae_shop_competitors_out_of_business, serial_co_window_serial,
          co_window_paths_b, co_window_corner_a, co_window_paths_a,
          co_window_of_opportunity_a, co_window_corner_a, co_window_cross_3,
          co_window_broadway_b, co_window_corner_b, co_window_unsneaky_path_e,
          co_window_unsneaky_path_d, co_window_paths_c, co_window_corner_b,
          glass_columns_b, glass_columns_a, glass_columns_b, glass_columns_a,
          glass_columns_c
Temple:   corrupted_temple
Lair:2:   shoals_dummy_entry, nicolae_spider_entry_orb_guardian,
          grunt_forest_stairs_clearing, uniq_nergalle
Lair:3:   basic_altar, lemuel_fruit_tree
Lair:4:   serial_bayou_pond_b, serial_bayou_pond_b, minmay_lindwurm_lava
Lair:5:   slime_altar_1, uniq_kirke
Lair:6:   evilmike_catoblepas_cave, minivault_19
Shoals:2: serial_shops, shop
Shoals:3: nicolae_shoals_this_corrosion
Shoals:4: shoals_end_simple, nicolae_shoals_stone_sculpture_thing, yaktaur_hedge
Spider:1: guppyfry_spider_mini_1
Spider:3: gammafunk_ghost_arena
Spider:4: grunt_spider_rune_island
Slime:2:  dissolution_awaits
Slime:3:  cheibrodos_slime_lost_civilization_1, uniq_dissolution
Orc:1:    gammafunk_ghost_cemetery
Orc:2:    st_orc_town, portal_ice_cave_entry_pillars_1, serial_shops, shop,
          uniq_donald
Elf:1:    elf_arrival_001, gammafunk_ghost_split, hangedman_elf_represent,
          st_stairs_13, minmay_elf_necromancy, uniq_agnes
Elf:2:    serial_shops, shop, gammafunk_ghost_arena
Elf:3:    minmay_elf_hall_not_hex, minmay_shop_star, uniq_saint_roka
Vaults:1: nicolae_vaults_little_squares_3, nicolae_vaults_yaktaur_gun_rack,
          vaults_room_fours, nicolae_vaults_rhombus_5, serial_shops,
          shop_fountains
Vaults:2: minmay_crypt_entry_simple_round, vaults_standard_mumra_x,
          ontoclasm_vaults_pinch, ontoclasm_vaults_ligature,
          nicolae_vaults_network_quincunx, ontoclasm_vaults_misaligned,
          v_alt_pattern_5, v_misc_33, v_misc_16, v_misc_27,
          ontoclasm_vaults_decontamination, v_misc_15, grunt_vaults_twisty,
          grunt_vaults_diagonal, serial_shops, nicolae_shop_crystal
Vaults:3: hangedman_vaults_locks, ontoclasm_vaults_loading_screen,
          vaults_room_fours, grunt_vaults_focal, ontoclasm_vaults_shuriken,
          hangedman_vaults_impose, v_misc_27, nicolae_vaults_big_angled_halls,
          nicolae_vaults_network_periphery, ontoclasm_vaults_fault,
          ontoclasm_vaults_bender, vaults_dpeg_diagonal, vaults_room_fours,
          nicolae_vaults_three_branches, nicolae_vaults_rhombus_7, serial_shops,
          nicolae_shop_waterfront, shop, shop, nicolae_shop_crystal
Vaults:4: ontoclasm_vaults_eye, hangedman_vaults_corner_blocks,
          special_room_vaults, vaults_room_boxed, v_misc_28,
          nicolae_vaults_ninety_degrees, hangedman_vaults_cutoff,
          vaults_room_corners, vaults_room_hallway, vaults_room_pools,
          nicolae_vaults_angled_halls, vaults_room_ringed_pool,
          nicolae_vaults_little_squares_1, serial_ice_m,
          grunt_vaults_hallway_short, vaults_mumra_chevron, serial_shops,
          nicolae_shop_stone
Crypt:1:  grunt_crypt_arrival_webbed, uniq_aizul
Crypt:2:  due_unseen_surprise
Crypt:3:  due_elkab, nicolae_tomb_entry_rubble_hallway, columned_hall_lemuel
Depths:1: hangedman_box_tower, abyss_entry_small_statue_room,
          grunt_mini_vestibule, nrook_mini_backslash,
          minmay_hollow_rounded_squares, firewood_loft
Depths:2: regret_index_qazlal_generations, serial_sigils,
          serial_sigils_hangedman_quiver, serial_sigils_hangedman_carve,
          serial_sigils_hangedman_gut, serial_sigils_hangedman_etch, hell_entry
Depths:3: cheibrodos_tormentor_scu, abyss_entry, hell_entry,
          grunt_pan_entry_zigzag, spider_trap, grunt_megastairs_2,
          infiniplex_staircase_9_rooms, serial_bayou_shore_b,
          serial_bayou_shore_a, minmay_shop_grove, uniq_frederick
Depths:4: cheibrodos_salmonella, enter_ziggurat_e, abyss_entry_flame_altar,
          kennysheep_flooded_box, hell_entry, minmay_staircase_bubble
Depths:5: evilmike_zot_entry_round, serial_sigils_hangedman_quiver, hell_entry,
          abyss_entry, minmay_fountain_box, serial_sigils_hangedman_snap
Pan:      evilmike_mini_pan_branches, uniq_mennas_pan
Trove:    trove_jewel_2
Sewer:    sewer_the_crocodile
Bailey:   bailey_polearm_2, bailey
IceCv:    ice_cave_caverns_02
Gauntlet: gammafunk_gauntlet_hard_choice
